 Dungeon Crawl Stone Soup version 0.26-a0-21-gf97e55dc39 (webtiles) character file.

Game seed: 17454182996443244921, levelgen mode: deterministic

135 Lauz the Conjurer (level 4, -1/33 HPs)
             Began as a Demigod Conjurer on May 26, 2020.
             Slain by a centaur (6 damage)
             ... on level 3 of the Dungeon.
             The game lasted 00:06:53 (2836 turns).

Lauz the Conjurer (Demigod Conjurer)                Turns: 2836, Time: 00:06:53

Health: -1/33      AC:  9    Str: 11    XL:     4   Next: 66%
Magic:  7/10       EV: 13    Int: 21    God:
Gold:   102        SH:  0    Dex: 16    Spells: 4/7 levels left

rFire    . . .     SeeInvis .   b - +1 mace (protect)
rCold    . . .     Gourm    .   (no shield)
rNeg     . . .     Faith    .   a - +0 robe
rPois    .         Spirit   .   (no helmet)
rElec    .         Reflect  .   (no cloak)
rCorr    .         Harm     .   (no gloves)
MR       .....                  (no boots)
Stlth    ++........             (no amulet)
HPRegen  0.11/turn              (no ring)
MPRegen  0.12/turn              (no ring)

@: protection aura
A: high mp 1
a: no special abilities


You were on level 3 of the Dungeon.
You were not hungry.

You visited 1 branch of the dungeon, and saw 3 of its levels.

You collected 102 gold pieces.

Inventory:

Hand Weapons
 b - a +1 mace of protection (weapon)
Armour
 a - a +0 robe (worn)
Jewellery
 l - an uncursed amulet of magic regeneration {unknown}
 o - a +6 ring of dexterity {unknown}
 q - a cursed ring of attention {unknown}
Scrolls
 h - 2 scrolls of immolation {unknown}
 j - a scroll of enchant weapon {unknown}
 k - a scroll of amnesia {unknown}
 r - a scroll of remove curse {unknown}
 s - a scroll of identify {unknown}
Potions
 d - a potion of mutation {unknown}
 e - a potion of flight {unknown}
 f - a potion of stabbing {unknown}
 g - 4 potions of degeneration {unknown}
 i - a potion of ambrosia {unknown}
 m - a potion of lignification {unknown}
 n - 2 potions of curing {unknown}
Comestibles
 c - 5 rations


   Skills:
 + Level 2.2 Dodging
 - Level 1.8 Stealth
 - Level 2.2 Spellcasting
 * Level 5.3 Conjurations


You had 4 spell levels left.
You knew the following spells:

 Your Spells              Type           Power        Failure   Level  Hunger
a - Magic Dart            Conj           ###.         1%          1    #......
b - Searing Ray           Conj           ###...       2%          2    ##.....

Your spell library contained the following spells:

 Spells                   Type           Power        Failure   Level  Hunger
 Conjure Flame            Conj/Fire      ##......     14%         3    ###....
 Dazzling Flash           Conj/Hex       ##....       14%         3    ###....
 Mephitic Cloud           Conj/Pois/Air  #.......     21%         3    ###....
 Blink                    Tloc           N/A          22%         2    ##.....
 Call Imp                 Summ           #.......     22%         2    ##.....
 Slow                     Hex            #.......     22%         2    ##.....
 Fulminant Prism          Conj/Hex       ##........   43%         4    #####..
 Iskenderun's Mystic Bla  Conj/Tloc      ##......     43%         4    #####..


Dungeon Overview and Level Annotations

Branches:
Dungeon (3/15)


Innate Abilities, Weirdness & Mutations

You have an increased reservoir of magic. (+10% MP)


Message History

Casting: Magic Dart (safe; 1% risk of failure)
Confirm with . or Enter, or press ? or * to list all spells.
Aiming: Searing Ray (safe; 2% risk of failure)
Press: ? - help, Shift-Dir - straight line, f/p - centaur
Aim: a centaur, quivering 15 arrows (lightly wounded)
The searing ray misses the centaur. (Press . to maintain the ray.)
The centaur barely misses you.
The searing ray hits the centaur.
The centaur is moderately wounded.
The centaur closely misses you. The centaur hits you!
* * * LOW HITPOINT WARNING * * *
You hit the centaur.
Your weapon exudes an aura of protection.
The centaur is heavily wounded.
The centaur barely misses you. x2
You hit the centaur but do no damage.
The centaur is heavily wounded.
The centaur hits you.
You die...

.# #.........# .#
####.........# .#######
#............#
.......####.##[........#
...###.................#
.#......##.###.........#
#######.#..#...#..####.#
# #...#..###(.# #.# #
#..#.>###.@c# #.# #
#)...####(#.# #.# #
...........#.# #.# #
.....####.>##(####.# #
......# #..##......c. #
......# #............ #
.......# #.###...(.... #
.... #. #........ ##...
#. #........


You could see a centaur.

Vanquished Creatures
  A hound skeleton (D:2)
  4 adders (D:2)
  3 worms
  7 dart slugs
  4 leopard geckos
  5 orcs (D:3)
  6 bats
  A giant cockroach (D:2)
  8 goblins
  4 hobgoblins
  2 jackals (D:2)
  4 frilled lizards (D:1)
  4 kobolds
  3 rats
56 creatures vanquished.

Notes
Turn   | Place    | Note
-------+----------+-------------------------------------------
     0 | D:1      | Lauz the Demigod Conjurer began the quest for the Orb.
     0 | D:1      | Reached XP level 1. HP: 14/14 MP: 5/5
   259 | D:1      | Reached skill level 4 in Conjurations
   276 | D:1      | Reached XP level 2. HP: 20/20 MP: 1/7
  1060 | D:2      | Learned a level 2 spell: Searing Ray
  1088 | D:2      | Reached XP level 3. HP: 22/26 MP: 5/8
  1648 | D:2      | Reached XP level 4. HP: 33/33 MP: 3/9
  1850 | D:2      | Reached skill level 5 in Conjurations
  2721 | D:3      | Found a radiant altar of Vehumet.
  2721 | D:3      | Found a glowing golden altar of the Shining One.
  2725 | D:3      | Found a sacrificial altar of Ru.
  2801 | D:3      | Noticed a centaur
  2836 | D:3      | Slain by a centaur

Illustrated notes

Levels and vault maps discovered:
D:1:      saegor_arrival_simple_a, layout_rooms, minmay_tree_intersection,
          minmay_octomino_j4
D:2:      layout_basic, serial_forest, infiniplex_forest_clump_long,
          infiniplex_forest_lined_3, infiniplex_forest_clump_cross,
          infiniplex_forest_lined_corner, infiniplex_forest_clump_double,
          infiniplex_forest_fountain, first_ration
D:3:      layout_rooms, yredelemnul_forgotten_temple_becter,
          gammafunk_temple_overflow_forgotten

Skill      XL: |  1  2  3  4 |
---------------+-------------+-----
Conjurations   | 4 5 |  5.3
Dodging        | 2 |  2.2
Spellcasting   | 2 |  2.2
Stealth        | |  1.8

Action                   |  1- 3 |  4- 6 || total
-------------------------+-------+-------++-------
Melee: Mace              |    14 |     3 ||    17
 Cast: Magic Dart        |    65 |    38 ||   103
       Searing Ray       |     8 |     6 ||    14
  Eat: Chunk             |     3 |     4 ||     7
Armor: Robe              |    12 |       ||    12
Dodge: Dodged            |    30 |     6 ||    36

Table legend:
 A = Non-vault XP
 B = Vault XP
 C = Vault XP percentage of total XP
 D = Non-vault monster count
 E = Vault monster count
 F = Vault count percentage of total count
                 A         B        C        D         E       F
            +---------+---------+-------+---------+---------+-------
      Total |     188 |       6 |   3.1 |      52 |       4 |   7.1
            +---------+---------+-------+---------+---------+-------
        D:1 |      35 |       6 |  14.6 |      17 |       4 |  19.0
        D:2 |     111 |       0 |   0.0 |      19 |       0 |   0.0
        D:3 |      42 |       0 |   0.0 |      16 |       0 |   0.0
            +---------+---------+-------+---------+---------+-------
